 Dungeon Crawl Stone Soup version 0.32-a0-18-g89e19f1974 (webtiles) character file.

Game seed: 14466138342830310492

9970 Xavori the Ducker (level 11, -22/94 HPs)
             Began as a Djinni Chaos Knight on Jan 16, 2024.
             Was a Plaything of Xom.
             Annihilated by a three-headed hydra simulacrum (37 damage)
             ... in an ice cave.
             The game lasted 00:13:31 (12163 turns).

Xavori the Ducker (Djinni Chaos Knight)            Turns: 12163, Time: 00:13:32

Health: -22/94     AC:  9    Str: 13    XL:     11   Next: 84%
Gold:   810        EV: 17    Int: 25    God:    Xom [*.....] SH: 11 Dex: 21

rFire   + + +        a - +8 long sword of Doors {antimagic, rN+ Int+6}
rCold   . . .        R - +0 buckler
rNeg    + . .        M - +0 acid dragon scales
rPois   ∞            (helmet restricted)
rElec   .            i - scarf {shadows}
rCorr   +            (no gloves)
SInv    +            (boots unavailable)
Will    +....        N - amulet "Boemn" {*Corrode Fly Regen+ Str+3}
Stlth   ++           O - ring of protection from cold
HPRegen 1.15/turn    A - +6 ring of dexterity
MPRegen 0.00/turn

%: corrode self (3%), infuse magic (-23 HP)
@: flying, slightly contaminated
A: sickness immunity, fire resistance 3, cold vulnerability 1, float, innate
caster, HP casting, extra vitality 1, horns 2, iridescent scales 1, large bone
plates 2, see invisible, clever 1, mutation resistance 1, robust 2, sturdy frame
1
a: Renounce Religion


You were in an ice cave.
You worshipped Xom.
You were a special plaything of Xom.
You visited 1 branch of the dungeon, and saw 11 of its levels.
You also visited: Ice Cave.

You collected 810 gold pieces.

Inventory:

Hand Weapons
 a - the +8 long sword of Doors (weapon) {antimagic, rN+ Int+6}
   (Xom gifted it to you on level 6 of the Dungeon)

   Int+6:     It affects your intelligence (+6).
   rN+:       It protects you from negative energy.
 s - a +0 dagger
 G - a +2 long sword of electrocution
Missiles
 B - 2 throwing nets (quivered)
Armour
 b - a +3 leather armour
 i - a scarf of shadows (worn)
 t - a +0 helmet
 y - the +0 ring mail of the Three Beds {rF+ Str+4 Int-2 Slay+3}
   (You found it on level 3 of the Dungeon)

   Str+4:     It affects your strength (+4).
   Int-2:     It affects your intelligence (-2).
   Slay+3:    It affects your accuracy & damage with ranged weapons and melee
   (+3).
   rF+:       It protects you from fire.
 M - +0 acid dragon scales (worn)
 R - a +0 buckler (worn)
Jewellery
 p - a +5 ring of evasion
 q - a ring of see invisible
 x - a ring of protection from fire
 A - a +6 ring of dexterity (right hand)
 H - an amulet of the acrobat
 N - the amulet "Boemn" (around neck) {*Corrode Fly Regen+ Str+3}
   (Xom gifted it to you on level 8 of the Dungeon)

   [amulet of regeneration]

   Str+3:     It affects your strength (+3).
   Fly:       It grants you flight.
   Regen+:    It increases your rate of health regeneration.
   *Corrode:  It may corrode you when you take damage.
 O - a ring of protection from cold (left hand)
 S - a ring of ice
 U - a +6 ring of dexterity
Wands
 o - a wand of roots (33)
 D - a wand of flame (49)
 E - a wand of paralysis (12)
 I - a wand of mindburst (4)
Scrolls
 c - 6 scrolls of butterflies
 d - 2 scrolls of silence
 g - a scroll of immolation
 w - 2 scrolls of enchant armour
 z - 5 scrolls of teleportation
 F - a scroll of vulnerability
 L - a scroll of blinking
 T - a scroll of torment
Potions
 e - 3 potions of might {unknown}
 f - 4 potions of enlightenment
 h - 3 potions of lignification {unknown}
 k - a potion of brilliance {unknown}
 l - a potion of degeneration {unknown}
 n - 3 potions of berserk rage {unknown}
 r - 8 potions of curing {unknown}
 u - 4 potions of ambrosia {unknown}
 v - 3 potions of heal wounds {unknown}
 C - 2 potions of invisibility {unknown}
 J - a potion of haste {unknown}
 K - 2 potions of attraction {unknown}
 P - 2 potions of cancellation {unknown}
 Q - a potion of resistance {unknown}
 V - a potion of mutation {unknown}
Miscellaneous
 j - a phantom mirror
 m - a box of beasts


   Skills:
 + Level 7.5 Fighting
 + Level 6.9 Long Blades
 + Level 6.9 Armour
 + Level 7.9 Dodging
 + Level 2.4 Shields
 * Level 6.8 Spellcasting
 * Level 6.8 Conjurations
 * Level 6.8 Hexes
   Level 0.0 Charms
 * Level 6.8 Summonings
 * Level 6.8 Necromancy
 * Level 6.8 Translocations
   Level 0.0 Transmutations
 * Level 6.8 Fire Magic
 * Level 6.8 Ice Magic
 * Level 6.8 Air Magic
 * Level 6.8 Earth Magic
 * Level 6.8 Alchemy
 + Level 6.5 Evocations


You knew the following spells:

 Your Spells              Type           Power      Damage    Failure   Level
a - Apportation           Tloc           84%        N/A       1%          1
b - Ensorcelled Hibernat  Hex/Ice        84%        N/A       1%          2
c - Inner Flame           Hex/Fire       42%        N/A       1%          3
d - Petrify               Alch/Erth      42%        N/A       6%          4
e - Fireball              Conj/Fire      21%        3d10      19%         5
Your spell library was empty.

Dungeon Overview and Level Annotations

Branches:
Dungeon (11/15)            Temple (0/1) D:7           IceCv (1/1)
   Lair: D:8-11         Orc: D:9-12

Altars:
Hepliaklqana
Makhleb
Okawaru
Trog
Xom

Shops:
D:1 :   D:2 (

Annotations:
D:3 3 runed translucent doors, Consumeair16's ghost, weakling DsBe
D:6 4 runed translucent doors
D:7 1 runed translucent door, zeez's ghost, novice MiBe
D:9 knightboat's ghost, journeyman OnFE


Innate Abilities, Weirdness & Mutations

You are immune to sickness and miasma.
You are immune to poison.
Your flesh is almost immune to the effects of heat. (rF+++)
You are vulnerable to cold. (rC-)
You float through the air rather than walking.
You learn spells naturally, not from books.
Your magical power is your life essence.
You have superior vitality. (+4 MHP)
You have a pair of horns on your head.
You are partially covered in iridescent scales. (AC +2)
You are mostly covered in large bone plates. (SH +6)
You have supernaturally acute eyesight. (SInv)
Your mind is acute. (Int +4, Str/Dex -1)
You are somewhat resistant to further mutation.
You are very robust. (+20% HP)
Your movements are slightly less encumbered by armour. (ER -2)


Message History

You hit the dire elephant simulacrum.
You headbutt the dire elephant simulacrum, but do no damage.
The dire elephant simulacrum is severely damaged.
Casting: Fireball (dangerous; 19% risk of failure)
Confirm with . or Enter, or press ? or * to list all spells.
Aiming: Fireball (dangerous; 19% risk of failure)
Press: ? - help, Shift-Dir - straight line, p - dire elephant simulacrum The fireball explodes!
The fireball engulfs the dire elephant simulacrum!!
The dire elephant simulacrum melts!
The dire elephant simulacrum vaporises!
You hear a sizzling sound!
Unknown command.
You start resting.
A three-headed hydra simulacrum is nearby!
A reaper comes into view. It is wielding a -4 scythe of freezing.
The reaper draws a finger across its throat.
The three-headed hydra simulacrum is engulfed in a cloud of scalding steam.
Okay, then.
The wolf simulacrum is engulfed in a cloud of scalding steam.
The wolf simulacrum vaporises!
The three-headed hydra simulacrum is engulfed in a cloud of scalding steam.
Casting: Fireball (dangerous; 19% risk of failure)
Confirm with . or Enter, or press ? or * to list all spells.
Okay, then.
Casting: Fireball (dangerous; 19% risk of failure)
Confirm with . or Enter, or press ? or * to list all spells.
Aiming: Fireball (dangerous; 19% risk of failure)
Press: ? - help, Shift-Dir - straight line You miscast Fireball.
You are lightly contaminated with residual magic.
Nothing appears to happen.
The three-headed hydra simulacrum bites you!
The three-headed hydra simulacrum freezes you!!
* * * LOW HITPOINT WARNING * * *
The three-headed hydra simulacrum bites you!
* * * LOW HITPOINT WARNING * * *
The three-headed hydra simulacrum freezes you!!!
You die...
Xom chuckles heartily!

##.#######.###..#
#...####.###...#
##..##.#.# ###.#
#.#.#..## #.##
####...# ##.# #.#####
##~# ###≈≈§###~##
##≈≈≈§≈#§~#
#≈@Z§§≈~○## ***
#≈≈≈§≈§§§#* **,**
#≈≈≈§§§§#.# *,,,*
##≈≈≈≈≈≈#.#* *,,,**
**#≈≈≈≈≈≈##.* *,,,,*
**,##≈≈#≈≈#*Z# *,,,,*
**,,,Z#≈##≈#,,#
*,,,****,,**.,2.*##,,*
*,,,,**,,***,*,***,,,*


You could see a three-headed hydra simulacrum.

Vanquished Creatures
  Fannar (D:10)
  A meliai (D:9)
  A faun (D:9)
  A centaur zombie (D:9)
  A gargoyle (D:10)
  A freezing wraith (IceCv)
  A rime drake (D:6)
  A troll (D:10)
  A spectral meliai (D:9)
  2 shadows
  A wraith (D:10)
  A dire elephant simulacrum (IceCv)
  2 wyverns
  A steam dragon (D:9)
  2 water moccasins
  A meliai simulacrum (D:9)
  3 sky beasts (D:6)
  2 ice beasts (D:7)
  3 orc warriors
  An ogre (D:5)
  4 centaurs
  2 phantoms
  A kobold brigand (D:10)
  3 bullfrogs
  4 scorpions
  8 two-headed ogre simulacra
  7 gnoll sergeants
  A cane toad simulacrum (IceCv)
  4 wights (D:8)
  23 killer bees
  An electric eel (D:11)
  A crimson imp (D:8)
  2 bombardier beetles
  A hound (D:4)
  9 orc priests
  2 jellies
  4 iguanas
  2 sleepcaps (D:7)
  Jessica (D:3)
  Ijyb (D:4)
  Natasha (thrice) (D:3)
  7 orc wizards
  5 spriggan simulacra (IceCv)
  A wolf simulacrum (IceCv)
  2 polar bear simulacra (IceCv)
  7 troll simulacra
  Robin (D:3)
  23 gnolls
  7 adders
  A river rat (D:11)
  9 naga simulacra
  3 white imps
  8 ufetubi (IceCv)
  2 ribbon worms
  21 orcs
  5 bats
  9 endoplasms
  9 goblins
  14 hobgoblins
  18 kobolds
  4 quokkas
  4 ball pythons
  4 frilled lizards
  7 rats
283 creatures vanquished.

Vanquished Creatures (collateral kills)
  A hobgoblin (D:3)
1 creature vanquished.

Grand Total: 284 creatures vanquished

Notes
Turn   | Place    | Note
-------+----------+-------------------------------------------
     0 | D:1      | Xavori the Djinni Chaos Knight began the quest for the Orb.
     0 | D:1      | Reached XP level 1. HP: 20/20 MP: 0/0
    32 | D:1      | Reached XP level 2. HP: 18/25 MP: 0/0
   154 | D:1      | Found Uchior's Book Emporium.
   422 | D:1      | XOM: silly message
   457 | D:1      | XOM: silly message
   470 | D:2      | Reached skill level 1 in Spellcasting
   470 | D:2      | Reached skill level 1 in Conjurations
   470 | D:2      | Reached skill level 1 in Hexes
   470 | D:2      | Reached skill level 1 in Summonings
   470 | D:2      | Reached skill level 1 in Necromancy
   470 | D:2      | Reached skill level 1 in Translocations
   470 | D:2      | Reached skill level 1 in Fire Magic
   470 | D:2      | Reached skill level 1 in Ice Magic
   470 | D:2      | Reached skill level 1 in Air Magic
   470 | D:2      | Reached skill level 1 in Earth Magic
   470 | D:2      | Reached skill level 1 in Alchemy
   470 | D:2      | Reached XP level 3. HP: 26/30 MP: 0/0
   470 | D:2      | Learned a level 1 spell: Apportation
  1844 | D:1      | XOM: give mutations
  1844 | D:1      | Gained mutation: Your movements are slightly less
                  | encumbered by armour. (ER -2) [Xom's grace]
  1844 | D:1      | Gained mutation: Your spells are a little harder to cast,
                  | but a little more powerful. [Xom's grace]
  1844 | D:1      | Gained mutation: Your flesh is almost immune to the effects
                  | of heat. (rF+++) [Xom's grace]
  1844 | D:1      | Gained mutation: You expend health (3 HP) to strengthen
                  | your wands. [Xom's grace]
  2079 | D:1      | XOM: cloud trail
  2109 | D:1      | XOM: scenery: create altars
  2196 | D:1      | XOM: give mutations
  2196 | D:1      | Gained mutation: You have a pair of small horns on your
                  | head. [Xom's grace]
  2196 | D:1      | Gained mutation: You passively map a small area around you.
                  | [Xom's grace]
  2196 | D:1      | Gained mutation: You are strong-willed. (Will+) [Xom's
                  | grace]
  2534 | D:1      | XOM: silly message
  2924 | D:2      | XOM: scenery: create altars
  2991 | D:2      | Found Yneomm's Weapon Shop.
  2991 | D:2      | XOM: 7-stop teleportation journey
  3021 | D:2      | XOM: potion effect (invisibility)
  3032 | D:2      | Reached XP level 4. HP: 31/35 MP: 0/0
  3090 | D:2      | XOM: 9-stop teleportation journey
  3146 | D:2      | Found a faded altar of an unknown god.
  3225 | D:2      | XOM: god gift: crooked iron wand {god gift}
  3875 | D:3      | Noticed Jessica
  3878 | D:3      | XOM: confusion
  3882 | D:3      | XOM: chaos cloud
  3934 | D:3      | XOM: 3-stop teleportation journey
  3953 | D:3      | Found a runed translucent gate.
  3954 | D:3      | Found a runed translucent gate.
  3955 | D:3      | Found a runed translucent gate.
  3955 | D:3      | Noticed Natasha
  3961 | D:3      | Killed Natasha
  3962 | D:3      | Reached XP level 5. HP: 23/40 MP: 0/0
  3962 | D:3      | Learned a level 2 spell: Ensorcelled Hibernation
  4018 | D:3      | XOM: give mutations
  4018 | D:3      | Lost mutation: You are strong-willed. (Will+) [Xom's
                  | mischief]
  4018 | D:3      | Gained mutation: You are robust. (+10% HP) [Xom's mischief]
  4018 | D:3      | Lost mutation: You expend health (3 HP) to strengthen your
                  | wands. [Xom's mischief]
  4020 | D:3      | Noticed Robin
  4027 | D:3      | Noticed Natasha
  4029 | D:3      | Killed Robin
  4046 | D:3      | Killed Natasha
  4061 | D:3      | Killed Jessica
  4062 | D:3      | Reached skill level 1 in Evocations
  4071 | D:3      | Reached XP level 6. HP: 17/50 MP: 0/0
  4254 | D:3      | Noticed Consumeair16's ghost (weakling DsBe)
  4343 | D:3      | Identified the +0 ring mail of the Three Beds {rF+ Str+4
                  | Int-2 Slay+3}
  4484 | D:3      | Noticed Natasha
  4489 | D:3      | Killed Natasha
  4757 | D:3      | XOM: give mutation
  4757 | D:3      | Lost mutation: Your flesh is almost immune to the effects
                  | of heat. (rF+++) [Xom's mischief]
  4784 | D:3      | XOM: give mutation
  4784 | D:3      | Gained mutation: Your flesh is almost immune to the effects
                  | of heat. (rF+++) [Xom's mischief]
  4856 | D:4      | XOM: give mutations
  4856 | D:4      | Gained mutation: You sometimes lose your temper in combat.
                  | [Xom's mischief]
  4856 | D:4      | Lost mutation: Your spells are a little harder to cast, but
                  | a little more powerful. [Xom's mischief]
  4864 | D:4      | XOM: 2-stop teleportation journey
  4939 | D:4      | XOM: 2-stop teleportation journey
  4951 | D:4      | Identified the +0 mace "Roeta" {speed, *Corrode Will++
                  | Str+2 Dex+3}
  4958 | D:4      | Noticed Ijyb
  4959 | D:4      | XOM: enchant monster (bad)
  4969 | D:4      | Killed Ijyb
  4970 | D:4      | Reached XP level 7. HP: 32/56 MP: 0/0
  4970 | D:4      | Learned a level 3 spell: Inner Flame
  5427 | D:5      | Entered Level 5 of the Dungeon
  5526 | D:5      | XOM: noise
  5542 | D:5      | Reached XP level 8. HP: 36/63 MP: 0/0
  6018 | D:5      | XOM: noise
  6275 | D:5      | XOM: give mutation
  6275 | D:5      | Gained mutation: Your skin changes colour to match your
                  | surroundings (Stealth+). [Xom's grace]
  6357 | D:5      | XOM: confuse monster(s)
  6479 | D:5      | XOM: give mutation
  6479 | D:5      | Gained mutation: Your mind is acute. (Int +4, Str/Dex -1)
                  | [Xom's grace]
  6608 | D:6      | Reached skill level 5 in Fighting
  6680 | D:5      | Reached XP level 9. HP: 48/71 MP: 0/0
  6680 | D:5      | Learned a level 4 spell: Petrify
  6768 | D:6      | Reached skill level 5 in Dodging
  6868 | D:6      | a black bear changed into a rime drake
  6868 | D:6      | Noticed a rime drake
  6872 | D:6      | Killed a rime drake
  6881 | D:6      | XOM: give mutations
  6881 | D:6      | Gained mutation: You are somewhat resistant to further
                  | mutation. [Xom's grace]
  6881 | D:6      | Gained mutation: You are partially covered in large bone
                  | plates. (SH +4) [Xom's grace]
  7006 | D:6      | XOM: 1-stop teleportation journey
  7102 | D:6      | Found a large runed translucent door.
  7103 | D:6      | Found a large runed translucent door.
  7107 | D:6      | Found a large runed translucent door.
  7107 | D:6      | Found a large runed translucent door.
  7108 | D:6      | Noticed a two-headed ogre
  7199 | D:6      | Reached skill level 5 in Long Blades
  7563 | D:6      | XOM: god gift: dazzling long sword {god gift}
  7563 | D:6      | Identified the +8 long sword of Doors {antimagic, rN+
                  | Int+6} (Xom gifted it to you on level 6 of the Dungeon)
  7756 | D:6      | XOM: give mutations
  7756 | D:6      | Gained mutation: You have a pair of horns on your head.
                  | [Xom's grace]
  7756 | D:6      | Lost mutation: You sometimes lose your temper in combat.
                  | [Xom's grace]
  7756 | D:6      | Gained mutation: You are strong-willed. (Will+) [Xom's
                  | grace]
  7877 | D:6      | XOM: enchant monster (good)
  7881 | D:6      | XOM: butterfly on damage
  7972 | D:6      | Identified the +7 mace "Sen Buqumpyl" {freeze, rF+++ Dex-2}
  8054 | D:7      | Reached skill level 5 in Armour
  8066 | D:7      | Found a staircase to the Ecumenical Temple.
  8134 | D:7      | Found a runed translucent door.
  8135 | D:7      | Noticed zeez's ghost (novice MiBe)
  8140 | D:7      | Noticed a troll
  8239 | D:7      | XOM: god gift: 47 gold pieces
  8276 | D:7      | Reached XP level 10. HP: 79/79 MP: 0/0
  8431 | D:7      | XOM: give mutation
  8431 | D:7      | Gained mutation: You are partially covered in iridescent
                  | scales. (AC +2) [Xom's grace]
  8438 | D:7      | Found a hazy altar of Hepliaklqana.
  8453 | D:7      | XOM: god gift: box of beasts
  8455 | D:7      | Reached skill level 5 in Spellcasting
  8455 | D:7      | Reached skill level 5 in Conjurations
  8455 | D:7      | Reached skill level 5 in Hexes
  8455 | D:7      | Reached skill level 5 in Summonings
  8455 | D:7      | Reached skill level 5 in Necromancy
  8455 | D:7      | Reached skill level 5 in Translocations
  8455 | D:7      | Reached skill level 5 in Fire Magic
  8455 | D:7      | Reached skill level 5 in Ice Magic
  8455 | D:7      | Reached skill level 5 in Air Magic
  8455 | D:7      | Reached skill level 5 in Earth Magic
  8455 | D:7      | Reached skill level 5 in Alchemy
  8878 | D:8      | XOM: give mutations
  8878 | D:8      | Gained mutation: You have supernaturally acute eyesight.
                  | (SInv) [Xom's grace]
  8878 | D:8      | Gained mutation: You are somewhat resistant to both further
                  | mutation and mutation removal. [Xom's grace]
  8930 | D:8      | XOM: give mutations
  8930 | D:8      | Gained mutation: You are mostly covered in large bone
                  | plates. (SH +6) [Xom's grace]
  8930 | D:8      | Gained mutation: You are very robust. (+20% HP) [Xom's
                  | grace]
  8968 | D:8      | XOM: divination: detect items
  8970 | D:8      | Reached skill level 5 in Evocations
  8987 | D:8      | Identified the amulet "Boemn" {*Corrode Fly Regen+ Str+3}
                  | (Xom gifted it to you on level 8 of the Dungeon)
  8987 | D:8      | XOM: god gift: amulet "Boemn" {*Corrode Fly Regen+ Str+3}
  8989 | D:8      | XOM: noise
  8999 | D:8      | XOM: chaos cloud
  9027 | D:8      | XOM: 4-stop teleportation journey
  9255 | D:8      | XOM: 1-stop teleportation journey
  9288 | D:8      | XOM: god gift: scroll labelled TIGEUKHL TUANGA {god gift}
  9389 | D:8      | XOM: confuse monster(s)
  9666 | D:8      | Found a burning altar of Makhleb.
  9681 | D:8      | XOM: give mutation
  9681 | D:8      | Lost mutation: Your skin changes colour to match your
                  | surroundings (Stealth+). [Xom's mischief]
  9886 | D:9      | a killer bee changed into a faun
  9886 | D:9      | Noticed a faun
  9886 | D:9      | XOM: polymorph killer bee -> faun
  9888 | D:9      | XOM: silly message
  9892 | D:9      | Killed a faun
  9999 | D:9      | XOM: summons 3 hostile shadow creatures
 10111 | D:9      | a kobold brigand changed into a meliai
 10111 | D:9      | Noticed a meliai
 10111 | D:9      | XOM: polymorph kobold brigand -> meliai
 10113 | D:9      | XOM: 4-stop teleportation journey
 10227 | D:9      | XOM: stat loss: -1 Str (16/17)
 10242 | D:9      | XOM: noise
 10243 | D:9      | Killed a meliai
 10244 | D:9      | Reached XP level 11. HP: 59/93 MP: 0/0
 10244 | D:9      | Learned a level 5 spell: Fireball
 10284 | D:9      | Found an iron altar of Okawaru.
 10306 | D:9      | Found a bloodstained altar of Trog.
 10338 | D:9      | Found a runed translucent gate.
 10338 | D:9      | Found a runed translucent gate.
 10338 | D:9      | Found a runed translucent gate.
 10339 | D:9      | Noticed knightboat's ghost (journeyman OnFE)
 10351 | D:9      | XOM: stat loss: -1 Int (22/23)
 10353 | D:9      | XOM: chaos cloud
 10355 | D:9      | XOM: give mutations
 10355 | D:9      | Lost mutation: You are strong-willed. (Will+) [Xom's
                  | mischief]
 10355 | D:9      | Lost mutation: You passively map a small area around you.
                  | [Xom's mischief]
 10355 | D:9      | Lost mutation: You are somewhat resistant to both further
                  | mutation and mutation removal. [Xom's mischief]
 10690 | D:10     | Entered Level 10 of the Dungeon
 10701 | D:10     | Noticed Fannar
 10708 | D:10     | XOM: butterfly on damage
 10712 | D:10     | Killed Fannar
 10774 | D:10     | Reached skill level 1 in Shields
 10862 | D:10     | XOM: confuse monster(s)
 10909 | D:10     | XOM: silly message
 10959 | D:10     | XOM: potion effect (might)
 10999 | D:10     | XOM: cloud trail
 11153 | D:10     | XOM: confusion (+ monsters)
 11383 | D:11     | XOM: cloud trail
 11528 | D:11     | XOM: polymorph kobold brigand -> river rat
 11594 | D:11     | Found a frozen archway.
 11611 | D:11     | XOM: confuse monster(s)
 11637 | IceCv    | Entered an ice cave
 11749 | IceCv    | Identified the +8 orcbow "Buceez" {freeze, rC+ rN+ Int+3}
 11783 | IceCv    | XOM: scenery: summon butterflies
 12161 | IceCv    | Noticed a reaper
 12163 | IceCv    | Annihilated by a three-headed hydra simulacrum

Illustrated notes

Levels and vault maps discovered:
D:1:      amcnicky_arrival_underground_garden, layout_rooms, serial_shops,
          nicolae_shop_tiny_statue_garden
D:2:      layout_basic, shapermc_ecumenical_altar_mp_urbaneastern, serial_shops,
          shop_fountains
D:3:      layout_basic, gammafunk_ghost_icy, uniq_jessica, uniq_natasha,
          uniq_robin
D:4:      layout_rooms, uniq_ijyb
D:5:      layout_loops_ring, minivault_24
D:6:      layout_cave_pods, minmay_hollow_rounded_squares
D:7:      layout_layer_cave, old_standard_altar, temple_statues,
          ebering_ghost_inner_flame
D:8:      layout_cave_pods, makhleb_grotto_becter
D:9:      layout_roguey, minitemple, gammafunk_ghost_necromancy
D:10:     layout_rooms, serial_curves, eino_curves_03, eino_curves_03,
          kennysheep_generic_room_5, uniq_fannar
D:11:     erik_rubicon_b, layout_long_grid, minmay_lair_entry_grove, erik_orc_1,
          portal_ice_cave_entry_ice_simulacra, ebering_ghost_disaster_area,
          uniq_gastronok
IceCv:    ice_cave_caverns_02

Skill      XL: |  1  2  3  4  5  6  7  8  9 10 11 |
---------------+----------------------------------+-----
Spellcasting   | 1 2 3 4 5 6 |  6.8
Conjurations   | 1 2 3 4 5 6 |  6.8
Hexes          | 1 2 3 4 5 6 |  6.8
Summonings     | 1 2 3 4 5 6 |  6.8
Necromancy     | 1 2 3 4 5 6 |  6.8
Translocations | 1 2 3 4 5 6 |  6.8
Fire Magic     | 1 2 3 4 5 6 |  6.8
Ice Magic      | 1 2 3 4 5 6 |  6.8
Air Magic      | 1 2 3 4 5 6 |  6.8
Earth Magic    | 1 2 3 4 5 6 |  6.8
Alchemy        | 1 2 3 4 5 6 |  6.8
Long Blades    | 3 4 5 6 |  6.9
Armour         | 2 3 4 5 6 |  6.9
Dodging        | 3 4 5 7 |  7.9
Evocations     | 1 2 3 4 5 6 |  6.5
Fighting       | 4 5 6 7 |  7.5
Shields        | 2 |  2.4

Action                     |  1- 3 |  4- 6 |  7- 9 | 10-12 || total
---------------------------+-------+-------+-------+-------++-------
  Melee: Falchion          |    84 |   153 |   177 |       ||   414
         Punch             |     2 |       |     5 |     2 ||     9
         Headbutt          |     3 |    31 |    44 |    63 ||   141
         Long sword        |       |       |    22 |   314 ||   336
   Cast: Inner Flame       |       |       |       |     8 ||     8
         Fireball          |       |       |       |    36 ||    36
  Evoke: Wand              |       |       |     1 |     1 ||     2
         Box of beasts     |       |       |       |     1 ||     1
    Use: Scroll            |       |       |     3 |     8 ||    11
   Stab: Sleeping          |       |     1 |     4 |     5 ||    10
         Paralysed         |       |       |     1 |       ||     1
         Confused          |       |       |       |     3 ||     3
         Distracted        |       |       |       |     2 ||     2
 Armour: Leather armour    |    63 |    48 |       |       ||   111
         Ring mail         |       |    10 |    88 |   147 ||   245
         Acid dragon scale |       |       |       |    65 ||    65
  Dodge: Dodged            |    83 |   112 |   152 |   319 ||   666
  Block: Other             |       |       |     7 |    67 ||    74
         Buckler           |       |       |       |   104 ||   104

Table legend: (Time is in decaauts)
 A = Elapsed time spent in this place.
 B = Non-inter-level travel time spent in this place.
 C = Inter-level travel time spent in this place.
 D = Time resting spent in this place.
 E = Time spent auto-exploring this place.
 F = Levels seen in this place.
 G = Mean time per level.
                   A        B        C        D        E       F      G
               +--------+--------+--------+--------+--------+-----+--------+
         Total |  12331 |  11946 |    385 |   3390 |   6580 |  12 | 1027.6 |
       Dungeon |  11803 |  11418 |    385 |   3198 |   6380 |  11 | 1073.0 |
      Ice Cave |    528 |    528 |      0 |    192 |    200 |   1 |  528.0 |
               +--------+--------+--------+--------+--------+-----+--------+

Top non-repeatable levels by time:
     D:1: 2880 daAuts
     D:6: 1399 daAuts
     D:5: 1271 daAuts
     D:8: 1114 daAuts
     D:3: 1034 daAuts
     D:2: 943 daAuts
     D:7: 813 daAuts
     D:9: 749 daAuts
    D:10: 657 daAuts
     D:4: 634 daAuts
   IceCv: 528 daAuts
    D:11: 306 daAuts
